 Dungeon Crawl Stone Soup version 0.23-a0-54-gae6112e (webtiles) character file.

357 fulk0 the Chopper (level 6, -1/55 HPs)
             Began as a Minotaur Fighter on Aug 8, 2018.
             Slain by a worker ant (2 damage)
             ... on level 4 of the Dungeon.
             The game lasted 00:13:23 (760 turns).

fulk0 the Chopper (Minotaur Fighter)                 Turns: 760, Time: 00:13:24

Health: -1/55      AC: 11    Str: 20 (23) XL:     6   Next: 37%
Magic:  5/5        EV:  8    Int:  8 (10) God:
Gold:   24         SH:  0    Dex:  6 (9)  Spells: 5/5 levels left

rFire    . . .     SeeInvis +   m - +2 halberd (freeze)
rCold    . . .     Gourm    .   (shield currently unavailable)
rNeg     + . .     Faith    .   l - +0 chain mail
rPois    .         Spirit   .   (helmet restricted)
rElec    .         Reflect  .   (no cloak)
rCorr    .         Harm     .   (no gloves)
MR       .....                  n - +0 pair of boots
Stlth    ..........             (no amulet)
HPRegen  0.18/turn              i - ring of positive energy
MPRegen  0.09/turn              e - ring of see invisible

@: brilliant, lethally poisoned (-1 -> -5), flying, glowing
A: retaliatory headbutt, horns 2
a: no special abilities


You were on level 4 of the Dungeon.
You were not hungry.

You visited 1 branch of the dungeon, and saw 3 of its levels.

You collected 24 gold pieces.

Inventory:

Hand Weapons
 a - a +1 war axe
 m - a +2 halberd of freezing (weapon)
 p - a cursed +4 flail
Missiles
 j - 46 stones (quivered)
Armour
 b - a +0 scale mail
 c - a +0 shield
 h - a +0 scale mail
 l - a +0 chain mail (worn)
 n - a +0 pair of boots (worn)
 o - a +0 helmet
Jewellery
 e - a ring of see invisible (right hand)
 i - a ring of positive energy (left hand)
Scrolls
 k - a scroll of enchant weapon
Comestibles
 f - 2 rations


   Skills:
 + Level 4.8 Fighting
 + Level 5.5 Axes
 + Level 5.0 Armour
 + Level 1.1 Dodging
 + Level 0.1 Stealth
 + Level 4.9 Shields


You had 5 spell levels left.
You didn't know any spells.
Your spell library was empty.

Dungeon Overview and Level Annotations

Branches:
Dungeon (2/15)

Altars:

Annotations:
D:4 Dowan, Duvessa


Innate Abilities, Weirdness & Mutations

You reflexively headbutt those who attack you in melee.
You have a pair of horns on your head.


Message History

You closely miss the worker ant.
The worker ant is heavily wounded.
* * * LOW HITPOINT WARNING * * *
You feel sick. The worker ant barely misses you.
Dowan hits you but does no damage.
You closely miss the worker ant. You headbutt the worker ant.
The worker ant is almost dead.
The worker ant bites you but does no damage.
Dowan casts a spell at you.
You are outlined in light.
The worker ant barely misses you. Dowan hits you but does no damage.
You barely miss the worker ant.
The worker ant is almost dead.
You feel sick.
The worker ant bites you but does no damage.
Dowan casts a spell at you. The puff of flame hits you!
* * * LOW HITPOINT WARNING * * *
The worker ant bites you.
You die...

### ### ... ..#
##.####.#############
....<#.............#
...#.###########.#
######e#......# #.# .
..>[...@......######)#..
##.....a...........)....
####....###.......#.#..
#..### #..###..#.##.
.... #...........# .
#.##. #.##..##..#.# #.
#. #. .......#.# # #. #
.#.#...### #. .#...#


You could see Dowan and a worker ant.

Vanquished Creatures
  Blork the orc (D:4)
  5 wights (D:4)
  A worker ant (D:4)
  3 adders
  4 dart slugs
  A leopard gecko (D:1)
  2 giant cockroaches
  3 goblins (D:1)
  4 hobgoblins (D:1)
  5 bats
  A frilled lizard (D:1)
  5 kobolds
  2 rats (D:2)
37 creatures vanquished.

Notes
Turn   | Place    | Note
-------+----------+-------------------------------------------
     0 | D:1      | fulk0 the Minotaur Fighter began the quest for the Orb.
     0 | D:1      | Reached XP level 1. HP: 19/19 MP: 0/0
    48 | D:1      | Reached XP level 2. HP: 27/27 MP: 1/1
   614 | D:2      | Reached XP level 3. HP: 33/33 MP: 2/2
   660 | D:2      | You fall through a shaft for 2 floors!
   677 | D:4      | Reached XP level 4. HP: 35/40 MP: 3/3
   680 | D:4      | Reached XP level 5. HP: 42/47 MP: 4/4
   685 | D:4      | Reached skill level 1 in Dodging
   686 | D:4      | Noticed Blork the orc
   711 | D:4      | Reached skill level 5 in Axes
   711 | D:4      | Reached XP level 6. HP: 23/53 MP: 5/5
   721 | D:4      | Killed Blork the orc
   721 | D:4      | Reached skill level 5 in Armour
   752 | D:4      | Noticed Dowan
   753 | D:4      | Noticed Duvessa
   760 | D:4      | HP: 1/55 [Dowan/puff of flame (4)]
   760 | D:4      | Slain by a worker ant

Vault maps used:
D:1:      erik_arrival_blinker_ship
D:2:      first_ration
D:4:      serial_shops, kennysheep_little_box, lemuel_flame_loot_1,
          uniq_duvessa, uniq_pikel, uniq_blork_the_orc, uniq_grinder

Skill      XL: |  1  2  3  4  5  6 |
---------------+-------------------+-----
Fighting       | 4 |  4.8
Armour         | 4 5 |  5.0
Shields        | 4 |  4.9
Axes           | 3 4 5 |  5.5
Dodging        | 1 |  1.1
Stealth        | |  0.1

Action                   |  1- 3 |  4- 6 || total
-------------------------+-------+-------++-------
Melee: War axe           |    63 |    37 ||   100
       Headbutt          |    12 |    10 ||    22
       Halberd           |       |     8 ||     8
  Use: Scroll            |     7 |     1 ||     8
       Potion            |     1 |     4 ||     5
Armor: Scale mail        |    18 |       ||    18
       Chain mail        |    13 |    21 ||    34
Dodge: Dodged            |    16 |    28 ||    44
Block: Shield            |    29 |    29 ||    58

Table legend:
 A = Spawn XP
 B = Non-spawn XP
 C = Spawn XP percentage of total XP
 D = Spawn monster count
 E = Non-spawn monster count
 F = Spawn count percentage of total count
 G = Total turns spent on level
                    A         B        C        D         E        F      G
               +---------+---------+-------+---------+---------+-------+---------
         Total |       0 |     511 |   0.0 |       0 |      37 |   0.0 |   760
               +---------+---------+-------+---------+---------+-------+---------
           D:1 |       0 |      36 |   0.0 |       0 |      18 |   0.0 |   597
           D:2 |       0 |      30 |   0.0 |       0 |      10 |   0.0 |    63
           D:4 |       0 |     445 |   0.0 |       0 |       9 |   0.0 |   100
               +---------+---------+-------+---------+---------+-------+---------
